 Dungeon Crawl Stone Soup version 0.29.0-4-gdea44cf6ec (webtiles) character file.

Game seed: 5160048681667893293

16340 iguanaiguana the Grappler (level 12, -3/114 HPs)
             Began as a Troll Warper on Aug 27, 2022.
             Was a Priest of Cheibriados.
             Slain by a six-headed hydra (4 damage)
             ... on level 1 of the Lair of Beasts.
             The game lasted 01:02:05 (6498 turns).

iguanaiguana the Grappler (Troll Warper)            Turns: 6498, Time: 01:02:05

Health: -3/114     AC: 10    Str: 38    XL:     12   Next: 9%
Magic:  9/17       EV: 11    Int: 25    God:    Cheibriados [***...]
Gold:   471        SH:  0    Dex: 17    Spells: 8/13 levels left

rFire   . . .      SeeInvis +     - Unarmed
rCold   . . .      Faith    .   (no shield)
rNeg    . . .      Spirit   .   K - +3 robe of Clouds {*Thunder rCloud rElec}
rPois   .          Reflect  .   S - +2 hat
rElec   +          Harm     .   L - +0 cloak
rCorr   .          Rampage  .   (gloves unavailable)
Will    .....                   (boots unavailable)
Stlth   ++........              P - amulet of the acrobat
HPRegen 1.09/turn               G - +6 ring of intelligence
MPRegen 0.15/turn               Q - +6 ring of strength

@: on blink cooldown, very slow
A: large, unfitting armour, claws 3, regeneration 1, shaggy fur 1, tough skin 1,
see invisible, electricity resistance, subdued magic 1
a: Renounce Religion, Bend Time, Temporal Distortion


You were on level 1 of the Lair of Beasts.
You worshipped Cheibriados.
Cheibriados was most pleased with you.
You visited 3 branches of the dungeon, and saw 14 of its levels.
You also visited: Sewer, Ossuary and Bailey.

You collected 471 gold pieces.

Inventory:

Hand Weapons
 d - the +0 mace of Fury {vorpal, rCorr}
   (You found it on level 4 of the Dungeon)

   It inflicts extra damage upon your enemies.
   rCorr:     It protects you from acid and corrosion.
 D - a +3 trident
 N - a +1 short sword of distortion
Missiles
 c - 6 boomerangs of dispersal
 k - 6 boomerangs (quivered)
 s - 10 poisoned darts
 F - 3 curare-tipped darts
 O - 2 throwing nets
Armour
 a - a +0 robe
 l - +0 steam dragon scales
 E - a scarf of harm
 K - the +3 robe of Clouds (worn) {*Thunder rCloud rElec}
   (You found it in a bailey)

   It occasionally creates storm clouds above nearby enemies.
   It grants its wearer immunity to clouds.
   rElec:     It insulates you from electricity.
 L - a +0 cloak (worn)
 S - a +2 hat (worn)
Jewellery
 j - an amulet of reflection
 G - a +6 ring of intelligence (left claw)
 P - an amulet of the acrobat (around neck)
 Q - a +6 ring of strength (right claw)
Wands
 e - a wand of paralysis (10)
 B - a wand of iceblast (5) {@v2}
Scrolls
 b - 4 scrolls of blinking {@r4}
 h - 7 scrolls of teleportation {@r3}
 i - 4 scrolls of brand weapon
 m - 3 scrolls of fog
 o - a scroll of summoning
 p - 4 scrolls of immolation
 q - a scroll of acquirement
 u - a scroll of enchant armour
 w - 3 scrolls of amnesia
 y - 2 scrolls of silence {unknown}
 J - a scroll of magic mapping {unknown}
 R - a scroll of identify {@r1}
Potions
 f - 4 potions of mutation
 g - 2 potions of might {@q3}
 n - 2 potions of curing {@q1}
 r - 2 potions of heal wounds {unknown}
 t - 3 potions of attraction
 v - 2 potions of resistance {unknown}
 x - 4 potions of flight
 z - a potion of cancellation {unknown}
 A - a potion of haste {@q4}
 C - a potion of berserk rage {unknown}
 H - a potion of brilliance {unknown}
 I - 2 potions of magic {unknown}
 M - 3 potions of lignification {unknown}


   Skills:
 - Level 6.0 Fighting
 - Level 6.0 Throwing
 - Level 4.0 Dodging
 - Level 2.0 Stealth
 - Level 10.0 Unarmed Combat
 - Level 1.2 Spellcasting
 - Level 6.0 Translocations
 + Level 9.0 Invocations
 - Level 4.4 Evocations


You had 8 spell levels left.
You knew the following spells:

 Your Spells              Type           Power      Damage    Failure   Level
a - Blink                 Tloc           48%        N/A       1%          2
b - Lesser Beckoning      Tloc           24%        N/A       2%          3

Your spell library contained the following spells:

 Spells                   Type           Power      Damage    Failure   Level
 Gell's Gravitas          Tloc           24%        N/A       2%          3
 Teleport Other           Tloc           24%        N/A       2%          3
 Foxfire                  Conj/Fire      4%         2x1d4     10%         1
 Static Discharge         Conj/Air       1%         3-4/arc   16%         2
 Sublimation of Blood     Necr           1%         N/A       16%         2
 Manifold Assault         Tloc           24%        N/A       24%         5
 Conjure Flame            Conj/Fire      1%         6-21      32%         3
 Inner Flame              Hex/Fire       1%         N/A       32%         3
 Ozocubu's Armour         Ice            1%         N/A       32%         3
 Animate Dead             Necr           1%         N/A       73%         4
 Dispel Undead            Necr           1%         3d6       73%         4
 Flame Wave               Conj/Fire      1%         2d4       73%         4
 Petrify                  Tmut/Erth      1%         N/A       73%         4
 Sticky Flame             Conj/Fire      1%         2d3       73%         4
 Borgnjor's Vile Clutch   Necr/Erth      0%         N/A       97%         5
 Irradiate                Conj/Tmut      0%         3d11      97%         5
 Lightning Bolt           Conj/Air       0%         1d11      97%         5
 Metabolic Englaciation   Hex/Ice        0%         N/A       97%         5
 Death Channel            Necr           0%         N/A       100%        6
 Simulacrum               Ice/Necr       0%         N/A       100%        6
 Maxwell's Capacitive Co  Air            0%         ∞         100%        8


Dungeon Overview and Level Annotations

Branches:
Dungeon (11/15) Zot: 40307  Temple (1/1) D:6 Zot: 8958    Lair (2/5) D:9 Zot: 17530
  Sewer (visited)         Ossuary (visited)          Bailey (visited)
  Swamp: Lair:2-3    Shoals: Lair:2-3     Snake: Lair:2-3    Spider: Lair:2-3
    Orc: D:9-12

Altars:
Ashenzari
Cheibriados
Dithmenos
Elyvilon
Hepliaklqana
Nemelex Xobeh
Uskayaw
Wu Jian
Xom
Zin
The Shining One

Annotations:
D:4 1 transporter
Lair:1 1 exclusion


Innate Abilities, Weirdness & Mutations

You are too large for most types of armour.
You have claws for hands.
Your natural rate of healing is unusually fast.
You are covered in fur. (AC +1)
You have tough skin. (AC +1)
You have supernaturally acute eyesight. (SInv)
You are resistant to electric shocks. (rElec)
Your spells are a little easier to cast, but a little less powerful.


Message History

The iceblast engulfs the cane toad!!
You kill the cane toad!
Cheibriados appreciates the change of pace.
The six-headed hydra bites you.
* * * LOW HITPOINT WARNING * * *
The six-headed hydra bites you.
* * * LOW HITPOINT WARNING * * *
The six-headed hydra bites you.
* * * LOW HITPOINT WARNING * * *
Your Invocations skill increases to level 9!
Casting: Blink (safe; 1% risk of failure)
Confirm with . or Enter, or press ? or * to list all spells.
Okay, then.
Casting: Blink (safe; 1% risk of failure)
Confirm with . or Enter, or press ? or * to list all spells.
You blink.
The six-headed hydra bites you!
* * * LOW HITPOINT WARNING * * *
The six-headed hydra bites you!
* * * LOW HITPOINT WARNING * * *
The six-headed hydra bites you.
* * * LOW HITPOINT WARNING * * *
The six-headed hydra bites you.
* * * LOW HITPOINT WARNING * * *
Casting: Blink (safe; 1% risk of failure)
Confirm with . or Enter, or press ? or * to list all spells.
You are still too unstable to blink.
Okay, then.
Okay, then.
Okay, then.
You feel better. The six-headed hydra bites you!
* * * LOW HITPOINT WARNING * * *
Okay, then.
You feel better. The six-headed hydra bites you!
* * * LOW HITPOINT WARNING * * *
The six-headed hydra bites you!
* * * LOW HITPOINT WARNING * * *
The six-headed hydra bites you!
* * * LOW HITPOINT WARNING * * *
The six-headed hydra bites you.
You die...

##.......# # #P.......# .#
#........######.#
##.##.###.##P##.#### ##
###...........P#
#............# #.§.........#
#..D........#
#...@.......#########
###...†................
######.#....>...............
#....................÷......
##...........................
#........#..#.#..............
##...........................
#............................
##............##...#.........


You could see a six-headed hydra.

Vanquished Creatures
  Harold (D:10)
  2 two-headed ogres (D:10)
  Sonja (D:10)
  Pikel (D:5)
  An orc knight (Bailey)
  An orc sorcerer (Bailey)
  3 black mambas
  3 cane toads (Lair:1)
  Maggie (D:7)
  A kobold demonologist (Bailey)
  A komodo dragon (Lair:1)
  2 wyverns
  Sigmund (D:4)
  2 shadows
  A wraith (D:9)
  12 yaks
  Menkaure (D:4)
  Edmund (D:4)
  3 wargs (D:9)
  An acid dragon (D:9)
  A water moccasin (Lair:1)
  15 orc warriors
  A sky beast (D:7)
  A black bear (D:8)
  4 hornet zombies (Ossuary)
  2 ogres (D:6)
  6 centaurs
  2 lemures (D:5)
  3 kobold brigands
  A phantom (D:6)
  2 wyvern zombies (Ossuary)
  3 bullfrogs
  2 scorpions
  A gnoll sergeant (D:10)
  2 water moccasin zombies (Ossuary)
  A necrophage (D:5)
  17 wights
  6 killer bees
  4 electric eels (Bailey)
  A howler monkey (D:9)
  6 bullfrog zombies (Ossuary)
  6 centaur zombies (Ossuary)
  A jelly (D:6)
  7 orc priests
  A gnoll bouda (D:7)
  A hound (D:6)
  An iguana (D:6)
  8 orc wizards
  2 killer bee zombies (Ossuary)
  A howler monkey zombie (Ossuary)
  16 mummies
  24 gnolls
  5 adders
  3 river rats (Sewer)
  A white imp (D:6)
  A dart slug (D:1)
  3 worms
  27 orcs
  5 endoplasms
  3 giant cockroaches
  10 goblins
  8 hobgoblins (Bailey)
  A quokka (D:4)
  6 ball pythons
  3 bats
  18 kobolds
  2 rats
285 creatures vanquished.

Vanquished Creatures (others)
  Eustachio (D:4)
  2 fungi
  A withered plant (Ossuary)
4 creatures vanquished.

Grand Total: 289 creatures vanquished

Notes
Turn   | Place    | Note
-------+----------+-------------------------------------------
     0 | D:1      | iguanaiguana the Troll Warper began the quest for the Orb.
     0 | D:1      | Reached XP level 1. HP: 19/19 MP: 1/1
    85 | D:1      | Reached XP level 2. HP: 28/28 MP: 2/2
   218 | D:3      | Reached XP level 3. HP: 36/36 MP: 3/3
   222 | D:4      | Noticed Sigmund
   252 | D:4      | Killed Sigmund
   253 | D:4      | Reached XP level 4. HP: 11/49 MP: 4/4
   253 | D:4      | Reached XP level 5. HP: 13/55 MP: 5/5
   303 | D:4      | Identified the +0 mace of Fury {vorpal, rCorr}
   383 | D:4      | Found a glowing drain.
   413 | D:4      | Learned a level 2 spell: Blink
   414 | Sewer    | Entered a sewer
   527 | Sewer    | Reached skill level 3 in Unarmed Combat
   527 | Sewer    | Reached XP level 6. HP: 54/63 MP: 6/6
   628 | Sewer    | Reached skill level 1 in Throwing
   887 | D:5      | Entered Level 5 of the Dungeon
   907 | D:4      | Noticed Eustachio
   909 | D:4      | Gained mutation: Your spells are a little easier to cast,
                  | but a little less powerful. [potion of mutation]
   909 | D:4      | Gained mutation: You have supernaturally acute eyesight.
                  | (SInv) [potion of mutation]
   909 | D:4      | Gained mutation: You are resistant to electric shocks.
                  | (rElec) [potion of mutation]
   925 | D:4      | Killed Eustachio
   926 | D:4      | Reached skill level 4 in Unarmed Combat
   938 | D:4      | Noticed Menkaure
   946 | D:4      | Killed Menkaure
   947 | D:4      | Reached skill level 5 in Unarmed Combat
   947 | D:4      | Reached XP level 7. HP: 59/71 MP: 7/7
  1177 | D:5      | Noticed Edmund
  1194 | D:4      | Killed Edmund
  1195 | D:4      | Reached skill level 6 in Unarmed Combat
  1327 | D:4      | Found a sparkling altar of Nemelex Xobeh.
  1327 | D:4      | Found a transporter.
  1550 | D:5      | Noticed Pikel
  1575 | D:5      | Paralysed by Pikel for 2 turns
  1581 | D:5      | Killed Pikel
  1582 | D:5      | Reached XP level 8. HP: 79/79 MP: 8/8
  1813 | D:5      | Reached skill level 7 in Unarmed Combat
  1987 | D:6      | Reached skill level 8 in Unarmed Combat
  2041 | D:6      | Reached XP level 9. HP: 81/85 MP: 9/9
  2125 | D:7      | Reached skill level 1 in Evocations
  2191 | D:7      | Found a sand-covered staircase.
  2202 | Ossuary  | Entered an ossuary
  2275 | Ossuary  | Reached skill level 1 in Stealth
  2590 | Ossuary  | Reached skill level 9 in Unarmed Combat
  2749 | D:7      | Found a shadowy altar of Dithmenos.
  2863 | D:7      | Learned a level 3 spell: Lesser Beckoning
  2908 | D:7      | Found a broken altar of Ashenzari.
  2985 | D:7      | Noticed Maggie
  3000 | D:6      | Found a staircase to the Ecumenical Temple.
  3091 | Temple   | Entered the Ecumenical Temple
  3107 | Temple   | Became a worshipper of Cheibriados the Contemplative
  3358 | D:8      | Reached XP level 10. HP: 82/94 MP: 6/10
  3440 | D:8      | Reached skill level 10 in Unarmed Combat
  3902 | D:7      | Reached * piety under Cheibriados
  3919 | D:7      | Reached skill level 5 in Translocations
  3992 | D:7      | Killed Maggie
  4400 | D:9      | Reached skill level 1 in Invocations
  4585 | D:9      | Found a staircase to the Lair.
  4620 | D:9      | Reached ** piety under Cheibriados
  4704 | D:9      | Reached skill level 5 in Invocations
  4785 | D:10     | Entered Level 10 of the Dungeon
  4839 | D:10     | Found a flagged portal.
  4848 | Bailey   | Entered a bailey
  4927 | Bailey   | Noticed an orc knight
  4939 | Bailey   | Reached XP level 11. HP: 101/101 MP: 12/14
  4943 | Bailey   | Killed an orc knight
  5030 | Bailey   | Found the +3 robe of Clouds {*Thunder rCloud rElec}
  5035 | Bailey   | Noticed an orc sorcerer
  5088 | Bailey   | Reached *** piety under Cheibriados
  5150 | Bailey   | Found an iron altar of Okawaru.
  5171 | Bailey   | Paralysed by an orc sorcerer for 4 turns
  5400 | Bailey   | Killed an orc sorcerer
  5401 | Bailey   | Reached skill level 5 in Throwing
  5527 | D:10     | Noticed a two-headed ogre
  5543 | D:10     | Killed a two-headed ogre
  5597 | D:10     | Noticed Sonja
  5605 | D:10     | Found a white marble altar of Elyvilon.
  5607 | D:10     | Killed Sonja
  5608 | D:10     | Reached skill level 5 in Fighting
  5853 | D:10     | Noticed Harold
  5871 | D:10     | Killed Harold
  5951 | D:9      | Reached **** piety under Cheibriados
  6009 | D:10     | Noticed a two-headed ogre
  6020 | D:10     | Killed a two-headed ogre
  6141 | Lair:1   | Entered Level 1 of the Lair of Beasts
  6335 | Lair:1   | Reached XP level 12. HP: 114/114 MP: 17/17
  6484 | Lair:2   | Noticed a six-headed hydra
  6498 | Lair:1   | HP: 1/114 [six-headed hydra (11)]
  6498 | Lair:1   | Slain by a six-headed hydra

Illustrated notes

Levels and vault maps discovered:
D:1:      dpeg_arrival_solitude, layout_rooms, basic_ecumenical_altar
D:2:      layout_loops_ring, uniq_crazy_yiuf_cottage
D:3:      minmay_roachtagon, layout_loops_ring, mainiacjoe_overflow_catwalk,
          bloody_makhleb, uniq_robin
D:4:      layout_gridville, grunt_nemelex_the_gamble,
          cheibrodos_sewer_entry_bend, uniq_sigmund, uniq_menkaure,
          uniq_eustachio
D:5:      layout_basic, uniq_pikel, uniq_edmund
D:6:      layout_loops_ring, temple_doors_e, kennysheep_generic_room_4,
          uniq_blork_the_orc
D:7:      layout_basic, mainiacjoe_overflow_concentric_impassable,
          general_overflow_altar, gup_ossuary_entry_pyramid, uniq_maggie
D:8:      layout_basic
D:9:      kennysheep_blocky_hall, layout_loops_ring,
          nicolae_overflow_hidden_temple, erik_lair_orcish_takeover
D:10:     layout_irregular_city, mainiacjoe_overflow_alcove_1, enter_bailey_5,
          uniq_sonja, uniq_harold
D:11:     minmay_curly_fans, layout_loops_ring, kennysheep_flooded_box,
          minmay_radiant, uniq_gastronok
Temple:   nicolae_temple_god_jail
Lair:1:   layout_gridlike, serial_bayou_shore_b
Lair:2:   layout_gridlike, minmay_shoals_entry_hut, beast_lair_carwin_9,
          uniq_nergalle

Skill      XL: |  1  2  3  4  5  6  7  8  9 10 11 12 |
---------------+-------------------------------------+-----
Fighting       | 2 4 6 |  6.0
Unarmed Combat | 3 5 6 8 9 10 | 10.0
Throwing       | 2 6 |  6.0
Translocations | 4 6 |  6.0
Dodging        | 4 |  4.0
Evocations     | 4 |  4.4
Stealth        | 2 |  2.0
Invocations    | 5 8 9 |  9.0
Spellcasting   | |  1.2

Action                   |  1- 3 |  4- 6 |  7- 9 | 10-12 || total
-------------------------+-------+-------+-------+-------++-------
Melee: Unarmed           |    56 |    91 |   379 |   375 ||   901
       Punch             |     3 |     3 |    23 |    21 ||    50
Throw: Dart              |       |       |    19 |    52 ||    71
       Boomerang         |       |       |       |    40 ||    40
 Cast: Lesser Beckoning  |       |       |     1 |    18 ||    19
       Blink             |       |       |       |     5 ||     5
Invok: Bend Time         |       |       |       |     1 ||     1
       Slouch            |       |       |       |     1 ||     1
Evoke: Wand              |       |     2 |       |     9 ||    11
  Use: Potion            |     2 |     2 |       |     4 ||     8
       Scroll            |       |     3 |    11 |     4 ||    18
 Stab: Paralysed         |       |     2 |       |     3 ||     5
       Invisible         |       |     2 |       |       ||     2
       Sleeping          |       |       |       |     2 ||     2
       Distracted        |       |       |       |     1 ||     1
Armor: Robe              |    16 |    20 |    68 |    25 ||   129
       Steam dragon scal |       |       |       |    56 ||    56
Dodge: Dodged            |    24 |    36 |   134 |   185 ||   379
Block: Other             |       |       |    40 |    44 ||    84
